 Dungeon Crawl Stone Soup version 0.20-a0-1078-g4874019 (webtiles) character file.

35 FastMan the Skirmisher (level 3, -5/24 HPs)
             Began as a Gargoyle Fighter on May 1, 2017.
             Killed from afar by Sigmund (8 damage)
             ... with a magic dart
             ... on level 2 of the Dungeon.
             The game lasted 00:00:32 (898 turns).

FastMan the Skirmisher (Gargoyle Fighter)            Turns: 898, Time: 00:00:33

Health: -5/24      AC: 10    Str: 20    XL:     3   Next: 35%
Magic:  3/3        EV:  7    Int:  8    God:
Gold:   67         SH:  9    Dex:  9    Spells: 2/2 levels left

rFire    . . .     SeeInvis .   a - +0 war axe
rCold    . . .     Gourm    .   c - +0 shield
rNeg     + . .     Faith    .   b - +0 scale mail
rPois    ∞         Spirit   .   (no helmet)
rElec    +         Reflect  .   (no cloak)
rCorr    .         Harm     .   (no gloves)
MR       .....                  (no boots)
Stlth    ..........             (no amulet)
Regen    0.1/turn               (no ring)
MPRegen  0.1/turn               (no ring)

@: no status effects
A: negative energy resistance 1, electricity resistance, unbreathing,
petrification resistance, rot immunity, AC +3
a: no special abilities


You were on level 2 of the Dungeon.
You were not hungry.

You visited 1 branch of the dungeon, and saw 2 of its levels.

You collected 67 gold pieces.

Inventory:

Hand Weapons
 a - a +0 war axe (weapon)
Armour
 b - a +0 scale mail (worn)
 c - a +0 shield (worn)
 i - a cursed +0 pair of gloves
Jewellery
 h - a +3 ring of protection {unknown}
Scrolls
 e - a scroll of identify {unknown}
 j - 2 scrolls of random uselessness {unknown}
 l - a scroll of magic mapping {unknown}
 m - a scroll of amnesia {unknown}
 n - a scroll of teleportation {unknown}
Potions
 d - a potion of might {@q4}
 k - a potion of flight {unknown}
Comestibles
 f - 2 bread rations {@e1}
 g - 3 chunks of flesh


   Skills:
 + Level 3.8 Fighting
 * Level 2.8 Axes
 - Level 3.2 Armour
 - Level 3.2 Shields


You had 2 spell levels left.
You didn't know any spells.

Dungeon Overview and Level Annotations

Branches:
Dungeon (2/15)

Altars:

Portals:
Abyss: D:1***

Annotations:
D:2 Sigmund


Innate Abilities, Weirdness & Mutations

You are resistant to torment.
Your stone body is resilient. (AC +3)
You are immune to poison.
You resist negative energy. (rN+)
You are resistant to electric shocks. (rElec)
You can survive without breathing.
You are immune to petrification.
You are immune to rotting.


Message History

Found a stone staircase leading down.
You miss something. You block something's attack.
You slash something! Something hits you.
You closely miss something. Something hits you but does no damage.
You barely miss something. Something hits you.
* * * LOW HITPOINT WARNING * * *
You barely miss something. Something hits you.
* * * LOW HITPOINT WARNING * * *
You miss something. Something hits you but does no damage.
You miss something. Something hits you but does no damage.
You barely miss something. Something hits you.
* * * LOW HITPOINT WARNING * * *
You miss something. Something hits you but does no damage.
You closely miss something. Something completely misses you.
You closely miss something. Something completely misses you.
You miss something.
You hear some strange, mumbled words.
A magic dart appears from out of thin air!
The magic dart hits you!
You die...

### #########
##...###########........
......{.......##........
.......@......##........
..............##........
..............##........
...?..........##........
##...###%......[........
#... #................
#.>....................
#......................
.....................


There were no monsters in sight!

Vanquished Creatures
  An adder (D:2)
  3 dart slugs (D:1)
  4 goblins (D:1)
  5 hobgoblins (D:1)
  A quokka (D:2)
  2 bats (D:1)
  2 frilled lizards (D:1)
  2 kobolds
20 creatures vanquished.

Notes
Turn   | Place    | Note
-------+----------+-------------------------------------------
     0 | D:1      | FastMan the Gargoyle Fighter began the quest for the Orb.
     0 | D:1      | Reached XP level 1. HP: 14/14 MP: 1/1
    74 | D:1      | Reached XP level 2. HP: 12/19 MP: 2/2
   634 | D:1      | Reached XP level 3. HP: 22/24 MP: 3/3
   882 | D:2      | Noticed Sigmund
   898 | D:2      | Killed from afar by Sigmund

Vault maps used:
D:1:      minmay_arrival_glassed_features
D:2:      minmay_roachtagon, minmay_pentomino_q2, uniq_sigmund

Skill      XL: |  1 |
---------------+----+-----
Axes           | 2 |  2.8
Fighting       | |  3.8
Armour         | |  3.2
Shields        | |  3.2

Action                   || total
-------------------------++-------
Melee: War axe           ||    88
Armor: Scale mail        ||    48
Dodge: Dodged            ||    25
Block: Shield            ||    36
